 Dungeon Crawl Stone Soup version 0.29.1-15-g9cfb28693d (webtiles) character file.

Game seed: 4547196762530185893

27 Achh the Shield-Bearer (level 3, 0/29 HPs)
             Began as a Human Fighter on Mar 14, 2023.
             Frozen to death by an endoplasm (5 damage)
             ... on level 1 of the Dungeon.
             The game lasted 00:03:44 (602 turns).

Achh the Shield-Bearer (Human Fighter)               Turns: 602, Time: 00:03:44

Health: 0/29       AC:  8    Str: 18    XL:     3   Next: 25%
Magic:  3/3        EV:  9    Int:  8    God:
Gold:   61         SH:  4    Dex: 12    Spells: 2/2 levels left

rFire   . . .      SeeInvis .   a - +0 rapier
rCold   . . .      Faith    .   c - +0 buckler
rNeg    . . .      Spirit   .   b - +0 scale mail
rPois   .          Reflect  .   k - +0 helmet
rElec   .          Harm     .   (no cloak)
rCorr   .          Rampage  .   (no gloves)
Will    .....                   (no boots)
Stlth   ..........              (no amulet)
HPRegen 0.09/turn               (no ring)
MPRegen 0.08/turn               (no ring)

@: no status effects
A: no striking features
a: no special abilities


You were on level 1 of the Dungeon.
You visited 1 branch of the dungeon, and saw 1 of its levels.

You collected 61 gold pieces.

Inventory:

Hand Weapons
 a - a +0 rapier (weapon)
Armour
 b - a +0 scale mail (worn)
 c - a +0 buckler (worn)
 k - a +0 helmet (worn)
Scrolls
 e - 3 scrolls of vulnerability {unknown}
 h - a scroll of butterflies {unknown}
 i - a scroll of amnesia {unknown}
 l - a scroll of teleportation {unknown}
 m - a scroll of identify {unknown}
Potions
 d - a potion of might
 f - 2 potions of haste {unknown}
 g - a potion of magic {unknown}
 j - a potion of berserk rage {unknown}


   Skills:
 + Level 3.2 Fighting
 + Level 2.1 Short Blades
 + Level 3.4 Armour
 + Level 0.3 Dodging
 + Level 3.4 Shields


You had 2 spell levels left.
You didn't know any spells.
Your spell library contained the following spells:

 Spells                   Type           Power      Damage    Failure   Level
 Dispersal                Tloc           0%         N/A       100%        6
 Disjunction              Tloc           0%         N/A       100%        8


Dungeon Overview and Level Annotations

Branches:
Dungeon (1/15)

Altars:

Shops:
D:1 =


Message History

The endoplasm closely misses you. The kobold hits you but does no damage.
You hit the kobold.
You kill the kobold!
The bat hits you but does no damage. The jackal barely misses you.
You block the endoplasm's attack. The jackal attacks as you move away!
The jackal bites you. The bat hits you but does no damage.
The endoplasm closely misses you. You block the jackal's attack.
Things that are here:
a +0 dagger; a kobold corpse You hit the bat but do no damage.
The bat hits you but does no damage. The jackal barely misses you.
The endoplasm hits you. The bat hits you but does no damage.
The jackal barely misses you. The endoplasm freezes you.
You are frozen.
The hobgoblin hits you but does no damage.
The jackal bites you.
You see here a jackal corpse.
You hit the jackal but do no damage.
The jackal is heavily wounded.
The bat barely misses you. The jackal bites you.
The endoplasm barely misses you. The hobgoblin hits you.
* * * LOW HITPOINT WARNING * * *
You closely miss the jackal.
The jackal is heavily wounded.
The bat closely misses you.
The jackal bites you but does no damage.
You block the bat's attack. The endoplasm freezes you.
You are frozen.
* * * LOW HITPOINT WARNING * * *
The hobgoblin closely misses you.
The jackal bites you but does no damage.
You barely miss the jackal.
The jackal is heavily wounded.
You block the bat's attack.
The jackal bites you but does no damage.
The endoplasm freezes you.
You are frozen.
You die...

#......# ## #......########
# ##.##.........#
#............#
####.........# #.........#
#.........#
############h..(.....#
#...........@).......###
#.........bgJ###.......####
#............# #..........#
#............# #........#'#
#............# #........#.#
#............# #........#.#
#............# #........#∩#
#...g.....[..# #........≈.#
#............# #........≈.#


You could see an endoplasm, a jackal, a hobgoblin and a bat.

Vanquished Creatures
  2 ball pythons (D:1)
  3 bats (D:1)
  4 giant cockroaches (D:1)
  4 hobgoblins (D:1)
  A jackal (D:1)
  4 kobolds (D:1)
  A frilled lizard (D:1)
  4 rats (D:1)
23 creatures vanquished.

Notes
Turn   | Place    | Note
-------+----------+-------------------------------------------
     0 | D:1      | Achh the Human Fighter began the quest for the Orb.
     0 | D:1      | Reached XP level 1. HP: 18/18 MP: 1/1
   161 | D:1      | Reached XP level 2. HP: 18/24 MP: 2/2
   254 | D:1      | Found Risuatau's Jewellery Boutique.
   363 | D:1      | Reached XP level 3. HP: 28/29 MP: 3/3
   602 | D:1      | Frozen to death by an endoplasm

Illustrated notes

Levels and vault maps discovered:
D:1:      matt_arrival_spirals, layout_basic, serial_shops,
          nicolae_shop_hallway_stairs, minmay_pentomino_p2

Action                   || total
-------------------------++-------
Melee: Rapier            ||    99
Armor: Scale mail        ||    85
Dodge: Dodged            ||    73
Block: Buckler           ||    37
